 Dungeon Crawl Stone Soup version 0.27-a0-1278-g6cbc8dfb29 (webtiles) character file.

Game seed: 12141196349380152424

492 flotson the Skirmisher (level 6, -1/75 HPs)
             Began as a Demonspawn Fighter on June 12, 2021.
             Was an Initiate of Gozag.
             Slain by Duvessa (6 damage)
             ... on level 4 of the Dungeon.
             The game lasted 00:06:32 (4540 turns).

flotson the Skirmisher (Demonspawn Fighter)         Turns: 4540, Time: 00:06:34

Health: -1/75      AC: 10    Str: 19    XL:     6   Next: 91%
Magic:  6/6        EV:  8    Int:  9    God:    Gozag
Gold:   119        SH: 14    Dex: 12    Spells: 5/5 levels left

rFire    . . .     SeeInvis .   a - +0 war axe
rCold    . . .     Faith    .   c - +0 kite shield
rNeg     . . .     Spirit   .   e - +0 scale mail
rPois    .         Reflect  +   (no helmet)
rElec    .         Harm     .   b - +0 cloak
rCorr    .         Rampage  .   (no gloves)
Will     .....                  (no boots)
Stlth    ..........             q - amulet of reflection
HPRegen  0.22/turn              (no ring)
MPRegen  0.20/turn              (no ring)

@: berserking, lethally poisoned (-1 -> -44), very quick
A: rugged brown scales 2, magic regeneration
a: Renounce Religion, Potion Petition, Call Merchant, Bribe Branch


You were on level 4 of the Dungeon.
You worshipped Gozag.
Gozag was aware of your devotion.
You visited 2 branches of the dungeon, and saw 5 of its levels.

You collected 157 gold pieces.
You paid 38 gold pieces to Gozag.

Inventory:

Hand Weapons
 a - a +0 war axe (weapon)
Missiles
 p - 8 javelins
 s - 2 poisoned darts (quivered)
Armour
 b - a +0 cloak (worn)
 c - a +0 kite shield (worn)
 e - a +0 scale mail (worn)
Jewellery
 q - an amulet of reflection (around neck)
Scrolls
 d - a scroll of enchant armour {unknown}
 f - a scroll of brand weapon {unknown}
 h - 3 scrolls of identify {unknown}
 o - 3 scrolls of enchant weapon {unknown}
 r - 2 scrolls of teleportation {unknown}
Potions
 j - a potion of ambrosia {unknown}
 k - a potion of magic {unknown}
 l - a potion of mutation {unknown}
 m - a potion of brilliance {unknown}
 n - 3 potions of curing
 t - a potion of degeneration {unknown}


   Skills:
 + Level 4.3 Fighting
 + Level 3.3 Axes
 + Level 0.7 Throwing
 + Level 3.9 Armour
 + Level 2.6 Dodging
 + Level 4.0 Shields


You had 5 spell levels left.
You didn't know any spells.
Your spell library contained the following spells:

 Spells                   Type           Power      Damage    Failure   Level
 Animate Skeleton         Necr           0%         N/A       99%         1
 Pain                     Necr           0%         1d4       99%         1
 Confusing Touch          Hex            0%         N/A       100%        3
 Gell's Gravitas          Tloc           0%         N/A       100%        3
 Vampiric Draining        Necr           0%         2d6       100%        3
 Animate Dead             Necr           0%         N/A       100%        4
 Petrify                  Tmut/Erth      0%         N/A       100%        4
 Agony                    Necr           0%         N/A       100%        5
 Metabolic Englaciation   Hex/Ice        0%         N/A       100%        5
 Yara's Violent Unravell  Hex/Tmut       0%         3d3       100%        5


Dungeon Overview and Level Annotations

Branches:
Dungeon (4/15)             Temple (1/1) D:4

Altars:
Ashenzari
Gozag
Kikubaaqudgha
Okawaru
Ru
Xom
Yredelemnul
Zin
The Shining One

Annotations:
D:4 Dowan, Duvessa, Ijyb


Innate Abilities, Weirdness & Mutations

You are mostly covered in rugged brown scales. (AC +2, +5% HP)
You regenerate magic rapidly.


Message History

You feel very sick. You block Duvessa's attack. Dowan barely misses you.
You block Duvessa's attack.
It was a potion of berserk rage.
A red film seems to cover your vision as you go berserk!
You feel yourself moving faster!
You feel mighty!
You feel very sick. Duvessa hits you but does no damage.
You are more poisoned.
Dowan points at you and mumbles some strange words.
The puff of frost hits you.
You hit Duvessa.
Duvessa is heavily wounded.
You closely miss Dowan.
You feel very sick. You block Duvessa's attack. You block Dowan's attack.
Duvessa hits you with a +3 short sword of venom!
You are more poisoned.
You barely miss Duvessa.
Duvessa is heavily wounded.
You closely miss Dowan.
You feel very sick.
Duvessa hits you with a +3 short sword of venom!
* * * LOW HITPOINT WARNING * * *
You are more poisoned.
You block Dowan's attack.
You barely miss Duvessa.
Duvessa is heavily wounded.
Your scale mail prevents you from hitting Dowan.
* * * LOW HITPOINT WARNING * * *
You feel extremely sick.
Duvessa hits you with a +3 short sword of venom.
* * * LOW HITPOINT WARNING * * *
You are more poisoned.
Dowan gestures at you while chanting. The puff of flame hits you.
* * * LOW HITPOINT WARNING * * *
Duvessa hits you with a +3 short sword of venom.
You die...
Your body crumbles into a pile of gold.

### #@#
#ee# ##.#
#.# ###
##.# ###.#
###..#
##...##
#.....
###.....##
##...##
#........#
#....##


You could see Duvessa (fast) and Dowan.

Vanquished Creatures
  Sigmund (D:3)
  A necrophage (D:4)
  A scorpion (D:3)
  A jelly (D:4)
  Terence (D:2)
  An orc wizard (D:3)
  4 adders
  A dart slug (D:1)
  9 orcs
  6 ball pythons
  5 bats
  4 endoplasms
  3 giant cockroaches (D:1)
  8 goblins
  7 hobgoblins
  4 jackals
  4 quokkas
  3 frilled lizards (D:1)
  5 kobolds
  2 rats
71 creatures vanquished.

Vanquished Creatures (others)
  13 plants
13 creatures vanquished.

Grand Total: 84 creatures vanquished

Notes
Turn   | Place    | Note
-------+----------+-------------------------------------------
     0 | D:1      | flotson the Demonspawn Fighter began the quest for the Orb.
     0 | D:1      | Reached XP level 1. HP: 18/18 MP: 1/1
   212 | D:1      | Gained mutation: You regenerate magic rapidly. [demonic
                  | ancestry]
   212 | D:1      | Reached XP level 2. HP: 23/24 MP: 2/2
  1508 | D:2      | Found a faded altar of an unknown god.
  1525 | D:2      | Gained mutation: You are partially covered in rugged brown
                  | scales. (AC +1, +3% HP) [demonic ancestry]
  1525 | D:2      | Reached XP level 3. HP: 23/29 MP: 3/3
  1820 | D:2      | Noticed Terence
  1839 | D:2      | Killed Terence
  1840 | D:2      | Reached skill level 1 in Dodging
  2040 | D:2      | Reached XP level 4. HP: 31/36 MP: 4/4
  3100 | D:3      | Noticed Sigmund
  3454 | D:3      | Killed Sigmund
  3455 | D:3      | Gained mutation: You are mostly covered in rugged brown
                  | scales. (AC +2, +5% HP) [demonic ancestry]
  3455 | D:3      | Reached XP level 5. HP: 27/44 MP: 5/5
  3455 | D:3      | Reached XP level 6. HP: 30/50 MP: 6/6
  4075 | D:4      | Found a staircase to the Ecumenical Temple.
  4087 | Temple   | Entered the Ecumenical Temple
  4108 | Temple   | Became a worshipper of Gozag Ym Sagoz the Greedy
  4168 | D:4      | Noticed Dowan
  4168 | D:4      | Noticed Duvessa
  4188 | D:4      | Noticed Ijyb
  4189 | D:4      | Paralysed by Ijyb for 4 turns
  4194 | D:4      | Paralysed by Ijyb for 3 turns
  4540 | D:4      | Slain by Duvessa

Illustrated notes

Levels and vault maps discovered:
D:1:      scummos_arrival_forest, layout_basic
D:2:      layout_loops_corners, hellmonk_ecumenical_altar_zigzags, serial_bayou,
          serial_bayou_pond_e, serial_bayou_ford_a, serial_bayou_pond_e,
          serial_bayou_shore_b, serial_bayou_pond_b, serial_bayou_crossing,
          uniq_terence
D:3:      layout_rooms, minmay_tree_intersection, uniq_sigmund
D:4:      layout_cave_pods, minmay_temple_entry_gardened_gates, uniq_robin,
          uniq_duvessa, uniq_ijyb
Temple:   regret_index_temple_sigil_plot

Skill      XL: |  1  2  3  4  5  6 |
---------------+-------------------+-----
Axes           | 2 3 |  3.3
Shields        | 3 4 |  4.0
Armour         | 3 |  3.9
Dodging        | 1 2 |  2.6
Fighting       | 4 |  4.3
Throwing       | |  0.7

Action                   |  1- 3 |  4- 6 || total
-------------------------+-------+-------++-------
Melee: War axe           |    98 |   129 ||   227
Throw: Javelin           |       |     6 ||     6
       Dart              |       |     4 ||     4
  Use: Potion            |       |     7 ||     7
Armor: Scale mail        |    57 |    76 ||   133
Dodge: Dodged            |    35 |    40 ||    75
Block: Kite shield       |    59 |   110 ||   169
       Reflection        |       |     1 ||     1

Table legend: (Time is in decaauts)
 A = Elapsed time spent in this place.
 B = Non-inter-level travel time spent in this place.
 C = Inter-level travel time spent in this place.
 D = Time resting spent in this place.
 E = Time spent auto-exploring this place.
 F = Levels seen in this place.
 G = Mean time per level.
                   A        B        C        D        E       F      G
               +--------+--------+--------+--------+--------+-----+--------+
         Total |   4726 |   4446 |    280 |    169 |   3546 |   5 |  945.2 |
       Dungeon |   4686 |   4424 |    262 |    169 |   3533 |   4 | 1171.5 |
        Temple |     39 |     21 |     18 |      0 |     13 |   1 |   39.0 |
               +--------+--------+--------+--------+--------+-----+--------+

Top non-repeatable levels by time:
     D:2: 1973 daAuts
     D:1: 1529 daAuts
     D:3: 761 daAuts
     D:4: 422 daAuts
  Temple: 39 daAuts
